 Dungeon Crawl Stone Soup version 0.30-a0-639-g3916f1956a (webtiles) character file.

Game seed: 14915900372716953215

210 NinjaNoafa the Magician (level 6, 0/47 HPs)
             Began as a Djinni Conjurer on Jan 15, 2023.
             Killed by divine providence
             ... invoked by an orc priest
              (9 damage)
             ... on level 3 of the Dungeon.
             The game lasted 00:05:16 (2012 turns).

NinjaNoafa the Magician (Djinni Conjurer)           Turns: 2012, Time: 00:05:17

Health: 0/47       AC:  3    Str:  6    XL:     6   Next: 12%
Gold:   108        EV: 12    Int: 22    God:
                   SH:  0    Dex: 11

rFire   + + .      SeeInvis .    n - staff of air
rCold   x . .      Faith    .    (no shield)
rNeg    + . .      Spirit   .    a - +0 robe
rPois   ∞          Reflect  .    q - +0 helmet
rElec   +          Harm     .    (no cloak)
rCorr   .          Rampage  .    (no gloves)
Will    .....                    (boots unavailable)
Stlth   +                        (no amulet)
HPRegen 0.27/turn                g - ring of wizardry
MPRegen 0.00/turn                m - ring of positive energy

@: confused, flying
A: sickness immunity, fire resistance 2, cold vulnerability 1, float, innate
caster, HP casting, extra vitality 1
a: no special abilities


You were on level 3 of the Dungeon.
You visited 1 branch of the dungeon, and saw 3 of its levels.

You collected 108 gold pieces.

Inventory:

Missiles
 i - 5 poisoned darts
Armour
 a - a +0 robe (worn)
 q - a +0 helmet (worn)
Magical Staves
 n - a staff of air (weapon)
Jewellery
 g - a ring of wizardry (left hand)
 m - a ring of positive energy (right hand)
Scrolls
 e - a scroll of blinking {unknown}
 f - 2 scrolls of immolation {unknown}
 h - 4 scrolls of identify {unknown}
 l - 2 scrolls of amnesia {unknown}
 o - 3 scrolls of poison {unknown}
Potions
 b - a potion of magic
 c - a potion of invisibility {unknown}
 d - a potion of heal wounds {unknown}
 j - a potion of curing {unknown}
 k - a potion of berserk rage {unknown}
 p - a potion of flight


   Skills:
 + Level 3.9 Fighting
 - Level 2.1 Dodging
 - Level 1.5 Stealth
 * Level 4.3 Spellcasting


You couldn't memorise any spells.
You knew the following spells:

 Your Spells              Type           Power      Damage    Failure   Level
a - Magic Dart            Conj           92%        1d7       1%          1
b - Searing Ray           Conj           46%        2d6       1%          2
c - Dazzling Flash        Conj/Hex       46%        N/A       2%          3
d - Fulminant Prism       Conj/Hex       11%        3d9       8%          4
e - Iskenderun's Mystic   Conj/Tloc      23%        2d6       8%          4
f - Sandblast             Erth           46%        2d11      1%          1
g - Lesser Beckoning      Tloc           46%        N/A       1%          2
Your spell library was empty.

Dungeon Overview and Level Annotations

Branches:
Dungeon (3/15)

Altars:

Annotations:
D:3 1 runed translucent door, bande's ghost, amateur GrFi


Innate Abilities, Weirdness & Mutations

You are immune to sickness and miasma.
You are immune to poison.
Your flesh is very heat resistant. (rF++)
You are vulnerable to cold. (rC-)
You float through the air rather than walking.
You learn spells naturally, not from books.
Your magical power is your life essence.
You have superior vitality. (+4 MHP)


Message History

You kill the orc!
The mystic blast hits the orc priest.
The orc priest is moderately wounded.
The mystic blast hits the orc!
You kill the orc!
The orc shouts!
The orc priest hits you with a +0 whip.
An orc comes into view. It is wielding a +0 club.
A hobgoblin comes into view. It is wielding a +0 spear.
Casting: Iskenderun's Mystic Blast (quite dangerous; 8% risk of failure)
Confirm with . or Enter, or press ? or * to list all spells.
You erupt in a blast of force!
The mystic blast hits the orc priest!
The orc priest is almost dead.
The orc priest hits you with a +0 whip.
The orc priest mumbles some strange prayers to Beogh against you.
Beogh smites you!
Casting: Iskenderun's Mystic Blast (quite dangerous; 8% risk of failure)
Confirm with . or Enter, or press ? or * to list all spells.
You erupt in a blast of force!
The mystic blast hits the orc!
You kill the orc!
The mystic blast hits the orc priest!
You kill the orc priest!
* * * LOW HITPOINT WARNING * * *
The orc priest calls down the wrath of Beogh upon you.
Pain shoots through your body!
* * * LOW HITPOINT WARNING * * *
You have reached level 6!
Okay, then.
The orc wizard gestures at you while chanting.
You resist with some effort.
The orc wizard points at you and mumbles some strange words.
You resist with some effort.
The orc wizard gestures at you while chanting.
You are confused.
The orc shouts!
It was a potion of flight.
You feel more buoyant.
The orc priest invokes the aid of Beogh against you.
Beogh smites you!
You die...

#.......##...# #....
#....#####...# #.... #......#
#...# #.... #...##.# #...#
###.# #...##.# #...# #.#
#...##.# #...# #.<
#######......# ####### ###
.......)..#######....########
#
........#.#..o..@...........#
#
......o.#g.oo##...).........#
#
.....)oo#######...<.........#
# ....o.or# #.............# #
......go# #.............#
....<..># #.............##
........# #..............##
........# #######...###...###
........' .....##⌠##.....


You could see an orc priest, an orc wizard, an orc and a hobgoblin.

Vanquished Creatures
  An orc priest (D:3)
  Natasha (twice) (D:2)
  Robin (D:3)
  3 gnolls (D:2)
  2 adders (D:3)
  2 worms (D:2)
  A dart slug (D:1)
  4 orcs (D:3)
  4 bats
  5 endoplasms
  4 giant cockroaches
  10 goblins
  7 hobgoblins
  4 kobolds
  4 quokkas
  2 frilled lizards
  3 rats
59 creatures vanquished.

Vanquished Creatures (others)
  4 plants (D:2)
4 creatures vanquished.

Grand Total: 63 creatures vanquished

Notes
Turn   | Place    | Note
-------+----------+-------------------------------------------
     0 | D:1      | NinjaNoafa the Djinni Conjurer began the quest for the Orb.
     0 | D:1      | NinjaNoafa set off with the following spells memorised:
                  | Magic Dart, Searing Ray, Dazzling Flash, Fulminant Prism,
                  | Iskenderun's Mystic Blast.
     0 | D:1      | Reached XP level 1. HP: 15/15 MP: 0/0
    71 | D:1      | Reached skill level 1 in Fighting
   225 | D:1      | Reached XP level 2. HP: 20/22 MP: 0/0
   882 | D:2      | Reached XP level 3. HP: 28/29 MP: 0/0
   882 | D:2      | Learned a level 1 spell: Sandblast
   920 | D:2      | Noticed Natasha
   924 | D:2      | Killed Natasha
   988 | D:2      | Reached XP level 4. HP: 32/35 MP: 0/0
  1211 | D:2      | Noticed Natasha
  1215 | D:2      | Killed Natasha
  1392 | D:2      | Reached XP level 5. HP: 38/40 MP: 0/0
  1392 | D:2      | Learned a level 2 spell: Lesser Beckoning
  1566 | D:3      | Noticed bande's ghost (amateur GrFi)
  1570 | D:3      | Found a runed translucent door.
  1615 | D:3      | Reached skill level 4 in Spellcasting
  1791 | D:3      | Noticed Robin
  1798 | D:3      | Killed Robin
  2000 | D:3      | Reached XP level 6. HP: 6/47 MP: 0/0
  2012 | D:3      | Killed from afar by an orc priest

Illustrated notes

Levels and vault maps discovered:
D:1:      dpeg_arrival_central, layout_rooms, minivault_27
D:2:      layout_basic, minmay_misc_feat_alley, serial_bayou_ford_a,
          serial_bayou_pond_d, uniq_natasha
D:3:      layout_basic, nicolae_wu_jian_wuxing_cycle,
          hellmonk_ghost_happy_afterlife, uniq_robin

Skill      XL: |  1  2  3  4  5 |
---------------+----------------+-----
Fighting       | 1 2 3 |  3.9
Spellcasting   | 4 |  4.3
Dodging        | |  2.1
Stealth        | |  1.5

Action                   |  1- 3 |  4- 6 || total
-------------------------+-------+-------++-------
Melee: Dagger            |       |     3 ||     3
 Cast: Magic Dart        |    38 |    52 ||    90
       Sandblast         |     6 |     7 ||    13
       Iskenderun's Myst |       |     7 ||     7
       Searing Ray       |       |     2 ||     2
       Lesser Beckoning  |       |     2 ||     2
  Use: Potion            |       |     1 ||     1
Armor: Robe              |       |     2 ||     2
Dodge: Dodged            |     4 |     5 ||     9

Table legend: (Time is in decaauts)
 A = Elapsed time spent in this place.
 B = Non-inter-level travel time spent in this place.
 C = Inter-level travel time spent in this place.
 D = Time resting spent in this place.
 E = Time spent auto-exploring this place.
 F = Levels seen in this place.
 G = Mean time per level.
                   A        B        C        D        E       F      G
               +--------+--------+--------+--------+--------+-----+--------+
         Total |   2016 |   1928 |     88 |      0 |   1665 |   3 |  672.0 |
       Dungeon |   2016 |   1928 |     88 |      0 |   1665 |   3 |  672.0 |
               +--------+--------+--------+--------+--------+-----+--------+

Top non-repeatable levels by time:
     D:2: 783 daAuts
     D:1: 781 daAuts
     D:3: 451 daAuts
